[Event "II Llinars Open 2022"]
[Site "Llinars del Valles"]
[Date "2022.06.25"]
[Round "1.1"]
[White "Prats Fumado, Gerard"]
[Black "Narciso Dublan, Marc"]
[Result "0-1"]
[ECO "D05"]
[WhiteElo "1752"]
[BlackElo "2464"]
[Annotator "TA"]
[PlyCount "42"]
[EventDate "2022.06.24"]
[EventType "swiss"]
[EventCountry "ESP"]
[SourceTitle "playchess.com"]
[Source "ChessBase"]
[SourceQuality "1"]
[TimeControl "5400+30"]

1. d4 Nf6 2. Nf3 e6 3. c3 c5 4. e3 d5 5. Nbd2 Nbd7 6. Bd3 Qc7 7. O-O {[%emt 0:03:59] D05: Colle System with ...e6.} Be7 8. Re1 O-O 9. e4 {[%emt 0:02:11] The position is equal.} dxe4 10. Nxe4 b6 11. Bg5 Bb7 {[%emt 0:01:22] [#]} 12. Nxf6+ $146 ({Predecessor:} 12. Qe2 Rfe8 13. Rad1 Bxe4 14. Bxe4 Nxe4 15. Qxe4 Bxg5 16. Nxg5 Nf6 {½-½ (16) Cibulka,V (2207)-Kleman,M (2230) Slovakia 2015}) 12... Bxf6 13. Be4 Bxe4 14. Rxe4 Rfd8 15. Qb3 (15. Qd2 $11) 15... Bxg5 $15 16. Nxg5 Nf6 17. Rh4 {[%emt 0:07:13] [#]} cxd4 $1 18. Rxd4 Rxd4 19. cxd4 Rc8 {[%emt 0:01:38][%cal Oc7c1] Threatens to win with ...Qc1+!} 20. a4 $2 {[%emt 0:13:34][%mdl 8192] [#]} (20. h3 $17) 20... Qc1+ $3 $19 21. Qd1 Qxg5 {[%emt 0:00:06] Weighted Error Value: White=0.80/Black=0.03 (flawless)} 0-1

[Event "II Llinars Open 2022"]
[Site "Llinars del Valles"]
[Date "2022.06.25"]
[Round "1.2"]
[White "Garcia Ramos, Daniel"]
[Black "Ortiz Padro, Pol"]
[Result "1-0"]
[ECO "A25"]
[WhiteElo "2441"]
[BlackElo "1748"]
[Annotator "TA"]
[PlyCount "57"]
[EventDate "2022.06.24"]
[EventType "swiss"]
[EventCountry "ESP"]
[SourceTitle "playchess.com"]
[Source "ChessBase"]
[SourceQuality "1"]
[TimeControl "5400+30"]

1. c4 e5 2. Nc3 Nc6 3. g3 g6 4. Bg2 Bg7 5. e3 d6 6. Nge2 Be6 7. Nd5 Qd7 8. O-O {[%emt 0:04:45] A25: English Opening vs King's Indian with ...Nc6 but without early d3.} (8. h4 $11) 8... Nf6 (8... h5 $15) 9. d4 $14 Nd8 {[%emt 0:08:54] [#]} 10. dxe5 $146 {[%emt 0:05:07] White is slightly better.} ({Predecessor:} 10. f4 Nxd5 11. cxd5 Bh3 12. e4 Bxg2 13. Kxg2 exd4 14. Nxd4 O-O 15. Qd3 Re8 16. Bd2 {1-0 (47) Seidens,U (2108)-Mittag,R (2071) Bayern 2012}) 10... dxe5 11. Nec3 c6 12. Nxf6+ Bxf6 13. b3 O-O (13... Be7 $11 {remains equal.}) 14. Ba3 $16 {[%emt 0:01:04] aiming for Qxd7.} Re8 {[%emt 0:00:24] [#]} 15. Qxd7 (15. Ne4 $1 $16 Be7 16. Bxe7 Qxe7 17. f4) 15... Bxd7 $14 16. Rad1 Be6 17. Rd2 Bg7 18. Ne4 $1 f5 (18... f6 $14) 19. Nd6 $36 {[%emt 0:00:39][%mdl 2048] White is really pushing.} Rf8 20. Rfd1 {[%emt 0:02:26][%cal Od6f5,Bf1d1,Bd1d8,Bd8b8,Bb8b7,Bb7a7][%mdl 32] Black must now prevent Nxf5! 0x0.00207bf658e4dp-1022s more active pieces.} Rf6 {[%emt 0:02:03] [#] A mistake that costs the game.} (20... Bf6 $16 21. f4 e4) 21. Nxf5 $1 gxf5 (21... Bf8 22. Rxd8) 22. Rxd8+ Rxd8 23. Rxd8+ Kf7 24. Rb8 {[%emt 0:00:11] White is clearly winning.} f4 (24... Kg6 $142 25. Rxb7 e4) 25. Rxb7+ Kg6 26. exf4 exf4 27. Bxc6 fxg3 28. hxg3 Bh6 29. Rxa7 {[%emt 0:00:46] Weighted Error Value: White=0.11 (very precise) /Black=0.62} 1-0

[Event "II Llinars Open 2022"]
[Site "Llinars del Valles"]
[Date "2022.06.25"]
[Round "1.3"]
[White "Montero Olmos, Javier"]
[Black "Ayats Llobera, Gerard"]
[Result "0-1"]
[ECO "C00"]
[WhiteElo "1771"]
[BlackElo "2423"]
[Annotator "TA"]
[PlyCount "100"]
[EventDate "2022.06.24"]
[EventType "swiss"]
[EventCountry "ESP"]
[SourceTitle "playchess.com"]
[Source "ChessBase"]
[SourceQuality "1"]
[TimeControl "5400+30"]

1. e4 c5 2. Nf3 e6 3. g3 Nf6 4. Qe2 Nc6 5. Bg2 d5 6. exd5 {[%emt 0:00:09] C00: French: Unusual White 2nd moves.} Nxd5 7. O-O Be7 8. Rd1 {[%emt 0:00:15] The position is equal.} Qb6 9. c3 O-O 10. d4 cxd4 11. Nxd4 Nxd4 12. Rxd4 Bf6 13. Rd1 Rd8 14. Nd2 Bd7 15. Ne4 {[%emt 0:07:13] And now c4 would win.} Be7 16. c4 {[%emt 0:03:33] [#]} Nb4 $146 (16... Nf6 $11) ({Predecessor:} 16... Nf6 17. Bg5 Bc6 18. Nxf6+ Bxf6 19. Bxf6 gxf6 20. Bxc6 Qxc6 21. b3 b6 22. Qg4+ Kf8 23. Qh4 Kg7 24. Qg4+ Kf8 25. Qh4 Kg7 26. Qg4+ Kf8 27. Qh4 {½-½ (27) Timofeev,A (2549)-Pridorozhni,A (2565) Sochi 2017}) 17. a3 $16 Nc6 18. Be3 $36 {[%emt 0:02:33][%mdl 2048] Against Nd4. Black is under strong pressure.} Qb3 (18... Qc7 $16 {was called for.}) 19. Bc5 $1 $18 {[%emt 0:15:52] Hoping for Bxe7.} Rac8 20. a4 $2 (20. Rd3 $18 Qxc4 21. Bxe7 Nxe7 22. Nd6) 20... Be8 $1 $14 21. Nd6 ({Better is} 21. Bxe7 $14 Nxe7 22. Nd6) 21... Bxd6 $11 22. Bxd6 ({Don't play} 22. Rxd6 Rxd6 23. Bxd6 Nd4 $15) 22... Na5 23. c5 Nc4 $2 {[%emt 0:07:24] [#]} (23... Qb4 $11) 24. Rd3 $2 ({Inferior is} 24. Bxb7 Qxb7 25. Qxc4 Qxb2 $11) ({Only move:} 24. Rd4 $1 $18 b5 25. Bb7) 24... Qxb2 $14 25. Qxb2 Nxb2 26. Rb3 (26. Rd4 $14 {is the one way to stay ahead.} b6 27. a5) 26... Nxa4 $17 27. Bxb7 Nxc5 28. Bxc5 Rxc5 29. Rxa7 Bb5 30. Rb1 {[%emt 0:03:52] Inhibits Rd1+.} Be8 {[%emt 0:02:16] Black is more active.} (30... g6 $17) 31. Ra8 (31. Rb3 $1 $11) 31... Rxa8 32. Bxa8 {[%emt 0:00:12][%mdl 4096] Endgame KRB-KRB} g5 33. Rb8 Kf8 34. Bf3 Ke7 35. Rb4 f5 36. h3 h6 37. g4 f4 38. Rb7+ Kf6 39. Rh7 Bg6 40. Rh8 ({Don't blunder} 40. Rxh6 $2 Kg7 41. Rxg6+ Kxg6 42. Be4+ Kf6 $19) (40. Rd7 $17 {was necessary.}) 40... e5 $19 41. Ra8 e4 $2 (41... Bd3 $19 {is more deadly.} 42. Bb7 e4) 42. Ra6+ $17 Ke5 (42... Kg7 $17 43. Ra7+ Kf8) 43. Rxg6 $11 {[%emt 0:00:17] aiming for Bg2.} exf3 {[%emt 0:00:03] KR-KR} 44. Ra6 $2 (44. Rxh6 $11 Rc1+ 45. Kh2) 44... Rc1+ $19 45. Kh2 {[%emt 0:00:01] [#]} Rf1 $1 46. Ra2 Kd4 47. Rb2 Kd3 48. Ra2 Rd1 49. Ra3+ Ke2 50. Ra2+ Rd2 {[%emt 0:00:38] Quite a comeback for Black.  Weighted Error Value: White=0.71/Black=0.30} 0-1

[Event "II Llinars Open 2022"]
[Site "Llinars del Valles"]
[Date "2022.06.25"]
[Round "1.4"]
[White "Valenzuela Gomez, Fernando"]
[Black "Casares Bonals, Asier"]
[Result "1-0"]
[ECO "D41"]
[WhiteElo "2373"]
[BlackElo "1741"]
[Annotator "TA"]
[PlyCount "69"]
[EventDate "2022.06.24"]
[EventType "swiss"]
[EventCountry "ESP"]
[SourceTitle "playchess.com"]
[Source "ChessBase"]
[SourceQuality "1"]
[TimeControl "5400+30"]

1. Nf3 Nf6 2. c4 e6 3. Nc3 d5 4. d4 c5 5. cxd5 Nxd5 6. e4 cxd4 {[%emt 0:13:18] D41: Queen's Gambit Declined: Semi-Tarrasch with 5 cxd5.} 7. Nb5 Nf6 {[%emt 0:03:58] [#]} 8. Qxd4 $146 ({Predecessor:} 8. e5 Ne4 9. Qa4 Nc5 10. Nd6+ Ke7 11. Qxd4 Ncd7 12. Bb5 Nc6 13. Bxc6 bxc6 14. O-O {1-0 (23) Tscherepanov,L (1887)-Zumholz,J (1498) Norderstedt 2013}) 8... a6 {[%emt 0:05:07] The position is equal.} (8... Bd7 $5 ) 9. Qxd8+ Kxd8 10. Nc3 Bb4 11. Bd2 (11. Bd3 $5 ) 11... Ke7 12. a3 Bc5 13. e5 Nfd7 14. Ne4 {[%emt 0:00:56] aiming for Rc1.} Nc6 15. Bg5+ Kf8 16. Nxc5 Nxc5 17. h4 h6 18. Bf4 $36 {[%emt 0:00:37][%mdl 2048] White fights for an advantage.} (18. Be3 $5 Nd7 19. Rc1 $14) 18... Ke7 19. Rc1 Nd7 20. h5 Nb6 21. Be3 Nd7 22. Rh4 {[%emt 0:01:34] White is more active.} Ncxe5 (22... Rd8 $14) 23. Nxe5 $18 Nxe5 {[%emt 0:00:10] [#]} 24. Bd4 ({White should try} 24. Bc5+ $1 $18 Ke8 25. Bd4) 24... f6 (24... Nc6 $16) 25. Bxe5 fxe5 {[%emt 0:00:06] [#]} 26. Rg4 $1 Rg8 27. Rc7+ Bd7 28. Rxb7 Kd8 (28... Kd6 $142 29. Rgb4 Rgd8 30. R4b6+ Ke7 31. Bxa6 (31. Rxa6 Rxa6 32. Bxa6 Kf6 $18) 31... Kf6) 29. Bd3 Kc8 30. Rb6 a5 (30... Kc7 {was necessary.}) 31. Bh7 Kc7 32. Rb3 Rgb8 (32... Rgf8 {was worth a try.} 33. Rxg7 Rf4) 33. Rc3+ {[%emt 0:00:01] White is clearly winning.} Bc6 34. Rgc4 Rb6 {[%emt 0:00:48] [#]} 35. Rxc6+ $1 {[%emt 0:00:12][%mdl 512] Weighted Error Value: White=0.08 (flawless) /Black=0.42} 1-0

[Event "II Llinars Open 2022"]
[Site "Llinars del Valles"]
[Date "2022.06.25"]
[Round "1.5"]
[White "Ramirez Cortes, Izan"]
[Black "Jimenez Ruano, Adrian"]
[Result "0-1"]
[ECO "B09"]
[WhiteElo "1713"]
[BlackElo "2263"]
[Annotator "TA"]
[PlyCount "148"]
[EventDate "2022.06.24"]
[EventType "swiss"]
[EventCountry "ESP"]
[SourceTitle "playchess.com"]
[Source "ChessBase"]
[SourceQuality "1"]
[TimeControl "5400+30"]

1. e4 g6 2. d4 Bg7 3. Nc3 d6 4. f4 Nf6 5. e5 dxe5 6. fxe5 Nd5 7. Nf3 {[%emt 0:00:02] B09: Pirc Defence: Austrian Attack.} c6 8. Bc4 Be6 9. Ng5 {[%emt 0:09:50] White is better.} Nxc3 10. Nxe6 Nxd1 11. Nxd8 Kxd8 12. Kxd1 f6 13. exf6 Bxf6 14. c3 Nd7 {[%emt 0:00:06] [#]} 15. Be6 $146 ({Predecessor:} 15. Kc2 Kc7 16. Be6 g5 17. Rf1 h6 18. Be3 Raf8 19. Rf3 Bg7 20. Raf1 Rxf3 21. Rxf3 {1-0 (48) Fabian,J (2237)-Horn,J (2080) Slovakia 2007}) 15... Nf8 16. Re1 (16. Bb3 $16) 16... Nxe6 $11 17. Rxe6 Kd7 18. Re2 g5 19. Kc2 a5 20. Bd2 h6 21. Rae1 b5 22. Re4 Rhc8 23. Be3 Ke8 24. b3 (24. g4 $14) 24... Kf7 (24... a4 $11) 25. Bf2 b4 26. cxb4 axb4 27. Kb1 Rd8 28. Rc1 Rd6 29. Rc4 Rad8 30. Be3 (30. Rxb4 c5 31. Rc4 (31. dxc5 $2 Rd1+ 32. Kc2 R8d2#) 31... cxd4 $11) ({Better is} 30. Be1 $1 $14) 30... h5 (30... Kg6 $1 $11 {remains equal.} 31. g4 (31. Rxb4 $2 Kf5 $19) 31... Rh8) 31. h3 ({White should play} 31. Rxb4 $16 {White wants to play Kc2.} Kg6 32. Kc2) 31... Kg6 $1 {[%emt 0:00:47] aiming for ...Kf5.} 32. g4 (32. Rxb4 $2 Kf5 33. d5 cxd5 34. g4+ hxg4 35. Rxg4 (35. hxg4+ $2 Kg6 $19) 35... d4 36. Rb5+ Rd5 37. Rxd5+ Rxd5 $19) 32... hxg4 33. hxg4 Rh8 34. Rxb4 Rh1+ 35. Kc2 (35. Kb2 $5 ) 35... Rh2+ 36. Kc3 Rxa2 37. Rc4 Ra5 38. b4 Ra3+ 39. Kc2 Ra2+ 40. Kc3 Re2 41. Kd3 Re1 42. Kd2 Rh1 43. Kc3 Rh3 44. Kc2 Rh8 45. Kc3 Rh3 46. Kc2 Rg3 47. Kd3 Kf7 48. Ke2 Rg2+ 49. Kd3 e5 50. Kc3 exd4+ 51. Bxd4 Rg3+ 52. Kd2 Bxd4 53. Rcxd4 Rxd4+ 54. Rxd4 {[%emt 0:00:01][%mdl 4096] Endgame KR-KR} Ke6 55. Rc4 Ke5 56. Rxc6 Rxg4 57. b5 Rb4 58. b6 Kf4 59. Ke2 Kg3 60. Kf1 Rb1+ 61. Ke2 g4 62. Rh6 Kg2 63. Rg6 g3 64. Rh6 Rb3 65. Rg6 Kh2 66. Rh6+ Kg1 67. Rg6 g2 68. Rh6 Rb2+ 69. Ke1 Rb4 70. Re6 $2 {[%emt 0:01:00][%mdl 8192] [#]} (70. Rg6 $11 {and White has nothing to worry.}) 70... Rh4 $1 $19 {[%emt 0:03:30] ( -> ...Kh2)} 71. b7 {[%emt 0:00:30] [#]} Rh8 $2 ({Worse is} 71... Rb4 72. Re7 $11) (71... Kh1 $1 {mates} 72. Rg6 Rh8 73. b8=B Rxb8 74. Rh6+ Kg1 75. Kd2 Re8 76. Rh4 Kf2 77. Rg4 Re2+ 78. Kc3 Re3+ 79. Kc4 Rg3 80. Rf4+ Ke3 81. Rf5 g1=Q 82. Re5+ Kf3 83. Re7 Rg4+ 84. Kd5 Qd4+ 85. Ke6 Qb6+ 86. Kd7 Rd4+ 87. Ke8 Qg6+ 88. Rf7+ Rf4 89. Ke7 Rxf7+ 90. Ke8 Qg8#) 72. Re7 $2 (72. Rh6 $11) 72... Kh1 {[%emt 0:00:20] Black mates.} 73. Rh7+ Rxh7 74. b8=Q g1=Q+ {[%emt 0:00:10] Weighted Error Value: White=0.14 (very precise) /Black=0.10 (very precise)} 0-1

[Event "II Llinars Open 2022"]
[Site "Llinars del Valles"]
[Date "2022.06.25"]
[Round "1.6"]
[White "Salvans Serra, Arnau"]
[Black "Bellpuig Mencos, Gerard"]
[Result "1-0"]
[ECO "A05"]
[WhiteElo "2227"]
[BlackElo "1697"]
[Annotator "TA"]
[PlyCount "79"]
[EventDate "2022.06.24"]
[EventType "swiss"]
[EventCountry "ESP"]
[SourceTitle "playchess.com"]
[Source "ChessBase"]
[SourceQuality "1"]
[TimeControl "5400+30"]

1. Nf3 Nf6 2. b3 g6 3. g3 Bg7 4. Bb2 O-O 5. Bg2 d5 6. c4 dxc4 7. bxc4 c5 8. O-O Nc6 9. Ne5 {[%emt 0:00:45] A05: Réti Opening: 1 Nf3 Nf6.} Nxe5 (9... Na5 $11) 10. Bxe5 $14 Ng4 11. Bxg7 {[%emt 0:00:15] White is slightly better.} Kxg7 {[%emt 0:00:06] [#]} 12. d3 $146 ({Predecessor:} 12. Qb3 Rb8 13. a4 Qd4 14. d3 Nxf2 15. Qc3 Ng4+ 16. Qxd4+ cxd4 17. Na3 Ne3 18. Rfb1 Nxg2 19. Kxg2 {0-1 (49) Salinas Herrera,P (2514)-Kopylov,M (2407) Chess.com INT 2020}) 12... Rb8 13. Nc3 h5 14. Qa4 a6 15. h4 (15. Qa3 $14) 15... Qd4 (15... g5 $5 ) 16. Rac1 e6 {[%emt 0:08:02] [#]} (16... Qe5 $11) 17. Qa3 $1 $16 f5 (17... b6 $14) 18. e3 Qe5 19. Na4 (19. Rfd1 $16) 19... b6 $14 20. Rb1 Qc7 21. Rb3 {[%emt 0:01:45] Threatens to win with Rfb1.} Nxe3 $2 {[%emt 0:02:16][%mdl 8192] A mistake that costs the game.} 22. fxe3 Qxg3 23. Qb2+ Kh7 24. Qf2 Qd6 25. d4 {[%emt 0:08:01][%cal Ob3b6] Hoping for Rxb6!} Bd7 26. Nb2 f4 (26... Rfd8 $142 27. dxc5 bxc5) 27. dxc5 $18 Qxc5 28. exf4 Qc7 29. Nd3 b5 30. c5 Bc6 31. Ne5 Bxg2 32. Kxg2 Rbd8 33. Rg3 Rf6 34. Qc2 Rg8 35. Rd1 Rg7 {[%emt 0:01:10] Inhibits Rd7.} 36. Rd4 {[%emt 0:00:31] Strongly threatening c6.} Rxf4 37. Rxf4 {[%emt 0:00:36] White mates.} Qxe5 {[%emt 0:00:06] [#]} 38. Rf7 $3 Qd5+ (38... Qxg3+ 39. Kxg3) 39. Kh2 Qd4 40. Qxg6+ {[%emt 0:00:09] Weighted Error Value: White=0.13 (very precise) /Black=0.63} 1-0

[Event "II Llinars Open 2022"]
[Site "Llinars del Valles"]
[Date "2022.06.25"]
[Round "1.7"]
[White "Montes Molina, Ivan"]
[Black "Luna Cortes, Luis"]
[Result "0-1"]
[ECO "B21"]
[WhiteElo "1688"]
[BlackElo "2215"]
[Annotator "TA"]
[PlyCount "74"]
[EventDate "2022.06.24"]
[EventType "swiss"]
[EventCountry "ESP"]
[SourceTitle "playchess.com"]
[Source "ChessBase"]
[SourceQuality "1"]
[TimeControl "5400+30"]

1. e4 c5 2. d4 cxd4 3. c3 d3 4. Bxd3 Nc6 5. c4 g6 6. Nc3 Bg7 7. Nf3 d6 {[%emt 0:00:06] B21: Sicilian: 2 f4 and Morra Gambit.} (7... Bxc3+ $5 8. bxc3 Nf6 $14) 8. h3 Nf6 9. O-O O-O {[%emt 0:00:04] The position is equal.} 10. a3 (10. Be3 $14) 10... Be6 {[%emt 0:02:36] [#]} 11. Bd2 $146 ({Predecessor:} 11. Rb1 Nd7 12. Nd5 Nc5 13. b3 Nxd3 14. Qxd3 f5 15. Nf4 fxe4 16. Nxe6 exd3 17. Nxd8 Raxd8 {½-½ (24) Mangone,P-Diaz,M Rochefort 1998}) 11... Na5 12. Nd5 Re8 13. Rc1 Nd7 14. b4 Nc6 15. Qe2 a5 16. b5 (16. Rfd1 {feels hotter.} axb4 17. axb4 Nde5 18. Nxe5 Nd4 19. Qe3) 16... Nd4 17. Nxd4 Bxd4 18. Be3 Bg7 (18... Bxe3 $11 19. Nxe3 (19. Qxe3 b6 $11) 19... f6) 19. a4 Rc8 20. f4 Nc5 21. Bxc5 ({White should try} 21. f5 $14 Bd7 22. Bg5) 21... Rxc5 $11 22. Qf3 Qc8 23. g4 Bd4+ 24. Kh1 Bxd5 25. exd5 e6 $1 26. f5 (26. dxe6 $11 Qxe6 27. Rcd1) 26... exf5 $17 27. Rce1 {[%emt 0:05:29] Prevents Re3.} Rxe1 28. Rxe1 fxg4 29. hxg4 Qd8 {[%emt 0:01:50] [#] Inhibits Re7. White must now prevent ...Qh4+.} 30. Kg2 Rc8 31. Qh3 $2 {[%emt 0:10:19] Now White is beyond hope.} (31. Qf4 $17 Be5 32. Qh6) 31... Qg5 $19 {[%emt 0:00:32] Strongly threatening ...f5.} 32. Re4 (32. Kh1 {keeps fighting.}) 32... Qd2+ 33. Re2 Qd1 34. Qf3 {[%emt 0:00:58][%cal Oe2e8] Hoping for Re8+!} Rf8 {[%emt 0:01:33] Inhibits Re8.} 35. Bc2 Qg1+ 36. Kh3 Be5 37. Rg2 $2 {[%emt 0:02:04] [#]} (37. c5 $19) 37... Qh1+ {[%emt 0:00:05] Weighted Error Value: White=0.64/Black=0.25 (precise)} 0-1

[Event "II Llinars Open 2022"]
[Site "Llinars del Valles"]
[Date "2022.06.25"]
[Round "1.8"]
[White "Prats Safont, Sergi"]
[Black "Torrent San Nicolas, Biel"]
[Result "1-0"]
[ECO "B08"]
[WhiteElo "2206"]
[BlackElo "1603"]
[Annotator "TA"]
[PlyCount "69"]
[EventDate "2022.06.24"]
[EventType "swiss"]
[EventCountry "ESP"]
[SourceTitle "playchess.com"]
[Source "ChessBase"]
[SourceQuality "1"]
[TimeControl "5400+30"]

1. d4 Nf6 2. Nf3 g6 3. Nc3 Bg7 4. e4 d6 5. Bc4 O-O 6. O-O a6 7. a4 Nc6 8. h3 e5 9. Be3 Nd7 {[%emt 0:06:32] B08: Pirc Defence: Classical System.} (9... exd4 $11 10. Nxd4 (10. Bxd4 Be6 $11) 10... Qe7) 10. Bg5 Bf6 11. Bxf6 Nxf6 {[%emt 0:00:07] White is slightly better.} 12. Re1 {[%emt 0:07:39][%cal Bf1e1,Be1e3,Be3f3,Bf3f6][%mdl 32] [#]} Bd7 $146 ({Predecessor:} 12... Kg7 13. Qd2 Bd7 14. Rad1 h6 15. Nd5 Nxd5 16. exd5 Nxd4 17. Nxd4 exd4 18. Qxd4+ Qf6 {1-0 (55) Spyropoulos,N (2403)-Ledakov,A (2309) Chess.com INT 2020}) 13. Qd2 Nxd4 14. Nxd4 exd4 15. Qxd4 Re8 16. Re3 Be6 17. Rf3 Bxc4 18. Rxf6 c5 19. Qxd6 $16 Be6 20. Qf4 {[%emt 0:02:40] White is more active.} Kg7 21. e5 {[%emt 0:01:51] Black must now prevent Rd1.} Qd4 22. Qg3 $36 {[%emt 0:10:15][%mdl 2048] White has strong initiative.} Bc8 (22... Qd2 $16) 23. Qf3 (23. Re1 $18) 23... Be6 {[%emt 0:02:14] [#]} 24. Re1 (24. Qxb7 $6 Qxe5 25. Rf3 Bf5 $14) 24... Qd2 25. Rd1 Qxc2 26. Rd7 ({But not} 26. Qxb7 Rab8 27. Qxa6 Rxb2 $14) 26... Qb3 $2 (26... Bxd7 $16 27. Rxf7+ Kg8) 27. Rxb7 $18 Qc4 28. b3 Qd4 {[%emt 0:03:09] [#]} 29. Rxe6 $1 Rxe6 30. Qxf7+ Kh6 31. Qxe6 {[%emt 0:00:18][%cal Oe6f6] Intending Qf6! and mate.} Qxc3 32. Qf6 {[%emt 0:00:42][%cal Rf6h4] White mates.} Qd4 33. g4 Qd1+ 34. Kh2 Qd8 35. g5+ {[%emt 0:00:10] Weighted Error Value: White=0.17 (very precise) /Black=0.71} 1-0

[Event "II Llinars Open 2022"]
[Site "Llinars del Valles"]
[Date "2022.06.26"]
[Round "2.1"]
[White "Narciso Dublan, Marc"]
[Black "Casares Bonals, Ainhoa"]
[Result "1-0"]
[ECO "B13"]
[WhiteElo "2464"]
[BlackElo "1912"]
[Annotator "TA"]
[PlyCount "81"]
[EventDate "2022.06.24"]
[EventType "swiss"]
[EventCountry "ESP"]
[SourceTitle "playchess.com"]
[Source "ChessBase"]
[SourceQuality "1"]
[TimeControl "5400+30"]

1. e4 c6 2. d4 d5 3. exd5 cxd5 4. Nf3 Nf6 5. Ne5 a6 6. Bd3 {[%emt 0:01:01] B13: Caro-Kann: Exchange Variation and Panov-Botvinnik Attack.} Nc6 7. c3 g6 8. O-O {[%emt 0:01:16] White has an edge.} Bf5 {[%emt 0:05:11] [#]} 9. Bf4 $146 ({Predecessor:} 9. Re1 Bxd3 10. Qxd3 e6 11. Bg5 Be7 12. Nd2 Nxe5 13. dxe5 Nd7 14. Bxe7 Qxe7 15. c4 {½-½ (52) Terao,J (2255)-Martinez,C (2507) Foz do Iguacu 2018}) 9... Bg7 (9... Bxd3 $11 10. Nxd3 (10. Qxd3 Rc8 $11) 10... Bg7) 10. Bxf5 gxf5 11. Nd2 e6 12. Nb3 {[%emt 0:08:35] White is more active.} Nxe5 13. Bxe5 b6 14. Nc1 Rg8 15. Bxf6 ({Better is} 15. Nd3 $16) 15... Bxf6 $11 16. Nd3 Qc7 17. Re1 O-O-O 18. Rc1 Kb7 19. f4 Be7 20. Qf3 Ka7 21. c4 (21. g3 $142) 21... Qb7 {[%emt 0:05:40] [#]} (21... dxc4 $11 {keeps the balance.} 22. Ne5 b5) 22. c5 $1 $16 Rc8 23. b4 Bf6 24. Qe3 Rg6 {[%emt 0:03:10] Black is now going downhill.} (24... bxc5 $14 25. bxc5 Rb8) 25. Re2 b5 (25... bxc5 $142 26. bxc5 (26. Rxc5 Be7 $14) (26. dxc5 Rg4 $14) 26... Rb8) 26. Ra1 $18 Rc6 27. a4 h5 $2 (27... bxa4 28. Rea2 (28. Rxa4 Qb5 $16) 28... Qb5) 28. Rea2 h4 (28... Rg8 {was necessary.} 29. Ne5 Bxe5) 29. Ne5 Bxe5 30. Qxe5 ({Less strong is} 30. dxe5 bxa4 31. Rxa4 Qb5 $16) 30... bxa4 31. Rxa4 Qb5 {[%emt 0:00:32] Inhibits Qe2.} 32. Qe3 {[%emt 0:04:47] Qd2 is the strong threat. Chess con chili.} h3 33. Qxh3 Qe2 $2 (33... Qc4 34. Qh4 Rg8 35. Qe7+ Kb8) 34. R4a2 $2 (34. Ra5 {Strongly threatening b5.} e5 35. b5) 34... Qc4 35. Qe3 Qxb4 36. Qd3 Qb7 (36... Qc4 $142 37. Qd2 e5 38. fxe5 Rg4) 37. Rb1 Qc7 38. Rab2 {[%emt 0:03:21] Black must now prevent Qa3.} ({Not} 38. Qb5 Rg8 39. Rba1 Qb7 $18) 38... e5 39. fxe5 f6 40. Rb6 Qc8 {[%emt 0:00:50] [#]} 41. Qxf5 $3 {[%emt 0:01:13][%mdl 512] Weighted Error Value: White=0.29 (precise) /Black=0.65} 1-0

[Event "II Llinars Open 2022"]
[Site "Llinars del Valles"]
[Date "2022.06.26"]
[Round "2.2"]
[White "Jove Albaiges, Guillem"]
[Black "Garcia Ramos, Daniel"]
[Result "0-1"]
[ECO "D35"]
[WhiteElo "1876"]
[BlackElo "2441"]
[Annotator "TA"]
[PlyCount "90"]
[EventDate "2022.06.24"]
[EventType "swiss"]
[EventCountry "ESP"]
[SourceTitle "playchess.com"]
[Source "ChessBase"]
[SourceQuality "1"]
[TimeControl "5400+30"]

1. d4 d5 2. c4 e6 3. Nc3 Nf6 4. cxd5 exd5 5. Bg5 Be7 6. Nf3 c6 7. e3 h6 8. Bh4 O-O 9. Bd3 Re8 10. O-O Nbd7 11. Rc1 Ne4 12. Bxe7 Qxe7 13. Nd2 {[%emt 0:09:30] D35: Queen's Gambit Declined: Exchange Variation.} Ndf6 14. Re1 {[%emt 0:04:19] [#]} Bf5 $146 ({Predecessor:} 14... Qd6 15. f3 Ng5 16. Nf1 Bd7 17. a3 Re7 18. Qb3 b6 19. Qc2 Rae8 20. Ne2 Rc8 {0-1 (34) Rambo,J (1612)-Evensen,T (2041) Drammen 2010}) 15. Qc2 {[%emt 0:03:39] The position is equal.} Rad8 16. f3 (16. a3 {with more complications.} a6 17. Na4 Qc7 18. Nxe4 Bxe4 19. Nc5) 16... Nxc3 17. bxc3 Bxd3 18. Qxd3 c5 19. Qb5 Rc8 {[%emt 0:04:05] next ...cxd4 is good for Black.} 20. Nb3 c4 21. Nc5 b6 22. Na6 Qd6 23. a4 Re6 24. Rc2 Rce8 25. Rce2 Nh5 {[%emt 0:00:55][%cal Bf6h5,Bh5f4,Bf4d3][%mdl 32] ...Nf4! is the strong threat.} 26. e4 Nf4 27. Re3 (27. e5 $1 $11 {and White is okay.} Qa3 28. Rc2) 27... Nd3 28. R1e2 $2 (28. Rf1 $17) 28... Qa3 $19 {[%emt 0:00:39] ( -> ...Qc1+)} 29. g3 (29. h3 $142 Qc1+ 30. Kh2) 29... R8e7 $2 (29... Qxc3 $19 30. Nc7 dxe4 $1 31. Nxe6 Rxe6) 30. Qxd5 $11 Qxa4 {[%emt 0:01:58] Really sharp!} 31. Nc7 Qd1+ (31... Rg6 $11 32. Qd8+ Kh7 33. Qxe7 Qa1+ 34. Kg2 Nf4+ 35. Kf2 Nh3+ 36. Kg2 Nf4+ 37. Kf2 Nh3+ 38. Kg2 Nf4+) 32. Kg2 $14 Rg6 {[%emt 0:00:59] And now ...Nf4+ would win.} (32... Nf4+ 33. gxf4 Rg6+ 34. Kh3) 33. Qd8+ Kh7 {[%emt 0:00:05] Threatens to win with ...Nf4+.} 34. Qxe7 (34. Nd5 $16 Ree6 35. Qc7) 34... Nf4+ $1 $11 35. Kf2 Nh3+ 36. Kg2 Nf4+ 37. Kf2 Qh1 $2 {[%emt 0:01:31][%mdl 8192] [#]} 38. Qh4 $1 $18 Qg2+ 39. Ke1 Qg1+ 40. Kd2 Nxe2 41. Rxe2 b5 42. Nd5 {[%emt 0:00:49][%mdl 8192] [#]} (42. e5 $18) 42... Ra6 $1 {[%emt 0:00:09][%cal Ra6a2] Black mates.} 43. Nb4 Ra1 44. Rg2 Qe1+ 45. Kc2 Qc1# {[%emt 0:00:05] Both players deserved the win here.  Weighted Error Value: White=0.42/Black=0.53} 0-1